Map: Purity and Industry LE

Players

NIZHNIK - Winner!

  • Race: Terran Terran
  • League: Silver
  • Spawn Location: 12:00

Avoš

  • Race: Protoss Protoss
  • Spawn Location: 3:00

VOD

Have the link to the VOD?

Description

Time

  • Played on: May 2, 2020, 3:14 p.m.
  • Length: 4:47
Show
View Real Time Build Order
Export as new Build Order

NIZHNIK Terran - Winner!

Build Orders:  

Get SALT Encoding   

  12  0:15  Supply Depot  
  12  0:17  SCV  
  13  0:29  SCV  
  14  0:39  Refinery  
  14  0:47  Barracks  
  14  0:52  SCV  
  15  0:58  Refinery  
  15  1:04  SCV  
  16  1:16  SCV  
  17  1:19  Engineering Bay  
  17  1:28  SCV  
  18  1:35  Barracks Reactor  
  18  1:41  SCV  
  19  1:55  Terran Infantry Weapons Level 1  
  19  1:56  Supply Depot  
  19  1:59  SCV  
  20  2:11  Reaper x2  
  22  2:27  Barracks  
  22  2:43  Reaper x2  
  24  2:57  Supply Depot  
  24  3:12  Orbital Command  
  24  3:15  Reaper  
  24  3:16  Reaper  
  26  3:20  Supply Depot  
  26  3:47  Reaper  
  26  3:48  Reaper  
  28  3:56  Barracks Reactor  
  28  4:01  Factory  
  28  4:05  SCV  
  28  4:06  Factory  
  29  4:18  SCV  
Show
View Real Time Build Order
Export as new Build Order

Avoš Protoss 

Build Orders: Double Forge 

Get SALT Encoding   

  12  0:02  Probe  
  13  0:17  Probe (Chrono Boost)  
  14  0:22  Pylon  
  15  0:29  Probe (Chrono Boost)  
  15  0:42  Pylon  
  15  0:44  Probe  
  16  1:03  Gateway  
  16  1:06  Probe  
  17  1:12  Assimilator  
  17  1:18  Probe  
  18  1:33  Probe  
  19  1:45  Probe  
  20  1:47  Pylon  
  20  1:56  Cybernetics Core  
  20  2:08  Nexus  
  20  2:09  Probe (Chrono Boost)  
  21  2:19  Probe (Chrono Boost)  
  22  2:24  Probe (Chrono Boost)  
  22  2:27  Gateway  
  23  2:35  Probe  
  24  2:37  Assimilator  
  24  2:39  Assimilator  
  24  2:44  Pylon  
  24  2:47  Probe  
  24  2:48  Pylon  
  25  2:57  Assimilator  
  25  2:59  Probe  
  25  3:03  Stalker  
  26  3:08  Stalker  
  26  3:11  Probe  
  29  3:15  Warp Gate (Chrono Boost)  
  31  3:44  Forge  
  31  3:46  Forge  
  31  3:47  Probe x2  
  33  3:59  Probe  
  33  4:00  Probe  
  33  4:02  Shield Battery  
  35  4:05  Shield Battery  
  35  4:11  Probe  
  35  4:12  Probe  
  35  4:13  Pylon  
Tags
 
Add a new tag
Caveats
  • Supply blocks, unpowered buildings, or Contaminate may cause inaccurate times.
  • Supply counts are checked every 10 seconds.